 Dungeon Crawl Stone Soup version 0.31-a0-819-gf6de2f5ab6 (webtiles) character file.

Game seed: 3830400816736915570

47 Shayle the Vexing (level 3, 0/36 HPs)
             Began as an Ogre Hexslinger on Sept 23, 2023.
             Slain by a gnoll
             ... wielding a +0 halberd
              (15 damage)
             ... on level 2 of the Dungeon.
             The game lasted 00:02:21 (1130 turns).

Shayle the Vexing (Ogre Hexslinger)                 Turns: 1130, Time: 00:02:22

Health: 0/36       AC:  3    Str: 12    XL:     3   Next: 70%
Magic:  6/6        EV: 10    Int: 22    God:
Gold:   57         SH:  0    Dex: 11    Spells: 6/6 levels left

rFire   . . .        a - +1 sling
rCold   . . .        (no shield)
rNeg    . . .        c - +0 robe
rPois   .            (helmet restricted)
rElec   .            (no cloak)
rCorr   .            (gloves unavailable)
SInv    .            (boots unavailable)
Will    .....        (no amulet)
Stlth   +            g - +6 ring of intelligence
HPRegen 0.26/turn    (no ring)
MPRegen 0.10/turn

%: no passive effects
@: no status effects
A: large, unfitting armour, tough skin 1
a: no special abilities


You were on level 2 of the Dungeon.
You visited 1 branch of the dungeon, and saw 2 of its levels.

You collected 57 gold pieces.

Inventory:

Hand Weapons
 a - a +1 sling (weapon)
 f - a +2 vampiric dagger
Armour
 c - a +0 robe (worn)
Jewellery
 g - a +6 ring of intelligence (left hand)
Scrolls
 b - 2 scrolls of poison
 d - a scroll of enchant armour {unknown}
 e - a scroll of immolation {unknown}
Potions
 h - a potion of curing {unknown}


   Skills:
 + Level 2.5 Fighting
 - Level 1.3 Ranged Weapons
 - Level 1.7 Dodging
 + Level 2.1 Spellcasting
 - Level 2.6 Hexes
 + Level 1.6 Fire Magic
 + Level 1.5 Invocations


You had 6 spell levels left.
You didn't know any spells.
Your spell library contained the following spells:

 Spells                   Type           Power      Damage    Failure   Level
 Jinxbite                 Hex            28%        N/A       7%          2
 Sigil of Binding         Hex            14%        N/A       14%         3
 Inner Flame              Hex/Fire       11%        N/A       17%         3
 Cause Fear               Hex            7%         N/A       41%         4
 Dimensional Bullseye     Hex/Tloc       4%         N/A       61%         4


Dungeon Overview and Level Annotations

Branches:
Dungeon (2/15)

Altars:


Innate Abilities, Weirdness & Mutations

You are too large for most types of armour.
You have tough skin. (AC +1)


Message History

The bat hits you. The bat hits you but does no damage.
The bat closely misses you.
Things that are here:
a +0 club; a goblin corpse The bat hits you but does no damage.
You shoot a sling bullet. The sling bullet hits the bat!
You kill the bat!
You see here a bat corpse.
Found a flail.
An endoplasm comes into view.
The endoplasm quivers.
You shoot a sling bullet. The sling bullet hits the endoplasm!
You kill the endoplasm!
No target in view!
No target in view!
h - a red potion The gnoll shouts!
You hear an angry hiss.
The gnoll throws a throwing net.
The throwing net completely misses you.
You see here a throwing net.
You shoot a sling bullet.
The sling bullet barely misses the gnoll.
You shoot a sling bullet.
The sling bullet closely misses the gnoll.
You shoot a sling bullet.
The sling bullet closely misses the gnoll.
You shoot a sling bullet. The sling bullet hits the gnoll.
The gnoll is moderately wounded.
You shoot a sling bullet.
The sling bullet barely misses the gnoll.
The gnoll barely misses you.
The gnoll hits you from afar with a +0 halberd!
You shoot a sling bullet.
The sling bullet closely misses the gnoll.
The gnoll barely misses you.
You shoot a sling bullet.
The sling bullet hits the gnoll but does no damage.
The gnoll is moderately wounded.
The gnoll hits you from afar with a +0 halberd!
The gnoll hits you with a +0 halberd!
You die...

#.....#.# #.#.#...# #.....#.#
##### #.#.#...####...##
#........##......
#...#.........###
#....###.###..#)#
#################....#...#..###
.............g@.......>..#.....
.......#########)..#.....#....#
..g#.#...# ###.#.......#.#.##
....$..#.## .......#.......#...
...#.#.#..##.#####...###.......
g............# #<#...#⌠#.######
#$....# #.....###).†....
####.....# ##......######
#).......# #######.#####


You could see a gnoll.

Vanquished Creatures
  An adder (D:2)
  A dart slug (D:2)
  4 endoplasms
  A giant cockroach (D:1)
  7 goblins
  5 hobgoblins
  2 quokkas (D:1)
  2 ball pythons (D:1)
  3 bats
  2 frilled lizards (D:1)
  2 kobolds (D:1)
  2 rats (D:1)
32 creatures vanquished.

Notes
Turn   | Place    | Note
-------+----------+-------------------------------------------
     0 | D:1      | Shayle the Ogre Hexslinger began the quest for the Orb.
     0 | D:1      | Reached XP level 1. HP: 19/19 MP: 2/2
    51 | D:1      | Reached skill level 1 in Fire Magic
   141 | D:1      | Reached XP level 2. HP: 28/28 MP: 2/4
   215 | D:1      | Reached skill level 1 in Invocations
   484 | D:1      | Reached XP level 3. HP: 35/35 MP: 5/5
   655 | D:1      | HP: 1/35 [adder (3)]
  1130 | D:2      | Slain by a gnoll

Illustrated notes

Levels and vault maps discovered:
D:1:      heliophobic_arrival_ceremonial_halls, layout_rooms
D:2:      layout_basic, serial_glass, glass_columns_a, glass_columns_a,
          feat_on_display, item_on_display_b, minmay_strange_pillars

Skill      XL: |  1  2  3 |
---------------+----------+-----
Fire Magic     | 1 |  1.6
Fighting       | 2 |  2.5
Invocations    | 1 |  1.5
Spellcasting   | 2 |  2.1
Ranged Weapons | |  1.3
Dodging        | |  1.7
Hexes          | |  2.6

Action                     || total
---------------------------++-------
   Fire: Sling             ||   118
    Use: Potion            ||     1
 Armour: Robe              ||    68
  Dodge: Dodged            ||    50

Table legend: (Time is in decaauts)
 A = Elapsed time spent in this place.
 B = Non-inter-level travel time spent in this place.
 C = Inter-level travel time spent in this place.
 D = Time resting spent in this place.
 E = Time spent auto-exploring this place.
 F = Levels seen in this place.
 G = Mean time per level.
                   A        B        C        D        E       F      G
               +--------+--------+--------+--------+--------+-----+--------+
         Total |   1154 |   1122 |     32 |    117 |    667 |   2 |  577.0 |
       Dungeon |   1154 |   1122 |     32 |    117 |    667 |   2 |  577.0 |
               +--------+--------+--------+--------+--------+-----+--------+

Top non-repeatable levels by time:
     D:1: 694 daAuts
     D:2: 459 daAuts
